 Dungeon Crawl Stone Soup version 0.28-a0-1485-g077359a (webtiles) character file.

Game seed: 8950331945803938618

214 Illumine the Conjurer (level 5, -4/63 (64) HPs)
             Began as a Deep Elf Conjurer on Jan 11, 2022.
             Killed from afar by Sigmund (5 damage)
             ... with a magic dart
             ... on level 3 of the Dungeon.
             The game lasted 00:05:35 (3004 turns).

Illumine the Conjurer (Deep Elf Conjurer)           Turns: 3004, Time: 00:05:35

HP:   -4/63 (64)    AC: 22    Str:  4    XL:     5   Next: 59%
MP:   3/14          EV:  2    Int: 25    God:
Gold: 134           SH:  0    Dex: 13    Spells: 2/13 levels left

rFire   . . .      SeeInvis .   m - +2 dagger (elec)
rCold   . . .      Faith    .   (no shield)
rNeg    . . .      Spirit   .   (armour currently unavailable)
rPois   +          Reflect  .   (helmet currently unavailable)
rElec   .          Harm     .   (cloak currently unavailable)
rCorr   .          Rampage  .   (gloves currently unavailable)
Will    .....      NoTele   +   (boots currently unavailable)
Stlth   ..........              (no amulet)
HPRegen 0.20/turn               (no ring)
MPRegen 0.14/turn               (no ring)

@: berserking, tree-form (expiring), hasted, lightly drained, very quick
A: stationary, stasis, torment immunity, boosted hp
a: no special abilities


You were on level 3 of the Dungeon.
You were a tree.
You visited 1 branch of the dungeon, and saw 4 of its levels.

You collected 134 gold pieces.

Inventory:

Hand Weapons
 k - a +0 short sword
 m - a +2 dagger of electrocution (weapon)
Missiles
 f - 5 atropa-tipped darts
Armour
 a - a +0 robe (melded)
Jewellery
 s - a ring of fire
Scrolls
 e - a scroll of amnesia {unknown}
 h - a scroll of magic mapping {unknown}
 i - 2 scrolls of teleportation
 j - a scroll of enchant armour {unknown}
 n - 2 scrolls of identify {unknown}
 o - a scroll of noise {unknown}
 r - a scroll of immolation {unknown}
 t - a scroll of enchant weapon {unknown}
Potions
 b - a potion of haste
 g - a potion of lignification
 l - a potion of ambrosia {unknown}
 p - a potion of cancellation {unknown}
 q - a potion of flight {unknown}
 u - a potion of degeneration {unknown}


   Skills:
 + Level 1.4 Fighting
 - Level 3.0 Dodging
 - Level 2.4 Stealth
 + Level 4.8 Spellcasting
 + Level 5.8 Conjurations
 + Level 1.4 Hexes
 + Level 1.1 Translocations


You had 2 spell levels left.
You knew the following spells:

 Your Spells              Type           Power      Damage    Failure   Level
a - Magic Dart            Conj           100%       1d8       1%          1
b - Searing Ray           Conj           70%        2d7       1%          2
c - Fulminant Prism       Conj/Hex       12%        3d9       19%         4
d - Iskenderun's Mystic   Conj/Tloc      23%        2d6       21%         4

Your spell library contained the following spells:

 Spells                   Type           Power      Damage    Failure   Level
 Dazzling Flash           Conj/Hex       48%        N/A       5%          3
 Petrify                  Tmut/Erth      6%         N/A       63%         4
 Metabolic Englaciation   Hex/Ice        4%         N/A       86%         5
 Silence                  Hex/Air        4%         N/A       86%         5
 Agony                    Necr           6%         N/A       93%         5
 Statue Form              Tmut/Erth      4%         N/A       100%        6


Dungeon Overview and Level Annotations

Branches:
Dungeon (4/15)
 Temple: D:4-7

Altars:
Xom

Annotations:
D:3 Sigmund
D:4 Edmund


Message History

The magic dart hits Sigmund.
Sigmund is severely wounded.
Sigmund points at you and mumbles some strange words.
You are confused.
A kobold brigand comes into view.
It is wielding a +0 club and quivering curare-tipped darts.
You're too confused to cast spells.
Sorry, you're not good enough to have a special ability.
Unknown command.
Sigmund casts a spell at you.
The magic dart hits you but does no damage.
Your magical contamination has completely faded away.
Sigmund hits you but does no damage.
Your transformation is almost over.
Sigmund hits you from afar with a +0 scythe!
* * * LOW HITPOINT WARNING * * *
You cannot move. (Use ctrl+direction or * direction to attack without moving.)
You cannot move. (Use ctrl+direction or * direction to attack without moving.) Unknown command.
You attack the rock wall.
The kobold completely misses you.
You swing at nothing.
You feel less confused.
Sigmund hits you from afar with a +0 scythe.
* * * LOW HITPOINT WARNING * * *
It was a potion of berserk rage.
A red film seems to cover your vision as you go berserk!
You feel yourself moving faster!
You feel mighty! The kobold hits you but does no damage.
You barely miss the kobold.
The kobold shouts!
You hear a shout!
Sigmund hits you from afar with a +0 scythe.
* * * LOW HITPOINT WARNING * * *
You puncture the kobold brigand!
The kobold brigand is moderately wounded.
You closely miss the kobold brigand.
The kobold brigand is moderately wounded.
You hit the kobold brigand.
The kobold brigand is moderately wounded.
Sigmund casts a spell at you. The magic dart hits you.
You die...

. #.......#...#.# ############. #
#.......#.###.# #..........(. #
#.......#.# #.####............ #
#.......#.# #....#............ #
#.......#[# #....#........@... #
#...[..(#.# #....#............ ##
#.......#.# #@...#............
.###.......#.# #....#...........#
...........#.###♣)..#....)......#
...........K...K.........>......#
.........#.#...K.##....##########
.........#.#...........'...#
........)#.#.#...##....###.#
.............'....#....# #.#
.........#.#.#....#....# #.#
.......^.#.#.#....#....# #.#
.........#.#.####.#....# #.#


You could see Sigmund, a kobold brigand and 2 kobolds.

Vanquished Creatures
  A kobold brigand (D:3)
  A jelly (D:3)
  5 adders
  3 dart slugs
  4 orcs (D:4)
  4 giant cockroaches
  6 goblins
  6 hobgoblins
  4 jackals (D:1)
  3 quokkas
  2 ball pythons (D:1)
  5 bats
  3 frilled lizards
  8 kobolds
55 creatures vanquished.

Vanquished Creatures (others)
  2 fulminant prisms
2 creatures vanquished.

Grand Total: 57 creatures vanquished

Notes
Turn   | Place    | Note
-------+----------+-------------------------------------------
     0 | D:1      | Illumine the Deep Elf Conjurer began the quest for the Orb.
     0 | D:1      | Reached XP level 1. HP: 10/10 MP: 6/6
   405 | D:1      | Reached XP level 2. HP: 15/15 MP: 5/8
   607 | D:1      | Learned a level 2 spell: Searing Ray
  1054 | D:2      | Reached skill level 5 in Conjurations
  1054 | D:2      | Reached XP level 3. HP: 19/19 MP: 5/10
  1467 | D:2      | Found a shimmering altar of Xom.
  1938 | D:3      | Reached XP level 4. HP: 24/24 MP: 4/12
  2198 | D:3      | Learned a level 4 spell: Fulminant Prism
  2203 | D:3      | Learned a level 4 spell: Iskenderun's Mystic Blast
  2298 | D:3      | Noticed Sigmund
  2561 | D:3      | Reached skill level 1 in Fighting
  2869 | D:4      | Reached XP level 5. HP: 29/29 MP: 8/13
  2911 | D:4      | Noticed Edmund
  2980 | D:3      | Upgraded the game from 0.28-a0-1484-ga4b2446 to
                  | 0.28-a0-1485-g077359a
  2989 | D:3      | Reached skill level 1 in Hexes
  2989 | D:3      | Reached skill level 1 in Translocations
  3001 | D:3      | HP: 1/63 [Sigmund (4)]
  3004 | D:3      | Killed from afar by Sigmund

Illustrated notes

Levels and vault maps discovered:
D:1:      tarquinn_simple_flora_water_b, layout_basic
D:2:      wander_river, layout_basic, basic_altar, minmay_cupped
D:3:      cheibrodos_thug_alley, layout_basic, minmay_bisected, uniq_sigmund,
          uniq_crazy_yiuf_cottage, uniq_ijyb
D:4:      layout_gridville, nicolae_overflow_squiral,
          hellmonk_ghost_happy_afterlife, uniq_pikel, uniq_eustachio,
          uniq_edmund

Skill      XL: |  1  2  3  4  5 |
---------------+----------------+-----
Spellcasting   | 4 |  4.8
Conjurations   | 5 |  5.8
Dodging        | 3 |  3.0
Fighting       | 1 |  1.4
Hexes          | 1 |  1.4
Translocations | 1 |  1.1
Stealth        | |  2.4

Action                   |  1- 3 |  4- 6 || total
-------------------------+-------+-------++-------
Melee: Dagger            |       |    13 ||    13
 Cast: Magic Dart        |    74 |    22 ||    96
       Searing Ray       |       |     3 ||     3
       Fulminant Prism   |       |     2 ||     2
       Iskenderun's Myst |       |     1 ||     1
  Use: Potion            |       |     4 ||     4
       Scroll            |       |     1 ||     1
Armor: Robe              |     2 |     2 ||     4
       Skin              |       |    16 ||    16
Dodge: Dodged            |     3 |     3 ||     6

Table legend: (Time is in decaauts)
 A = Elapsed time spent in this place.
 B = Non-inter-level travel time spent in this place.
 C = Inter-level travel time spent in this place.
 D = Time resting spent in this place.
 E = Time spent auto-exploring this place.
 F = Levels seen in this place.
 G = Mean time per level.
                   A        B        C        D        E       F      G
               +--------+--------+--------+--------+--------+-----+--------+
         Total |   3004 |   2875 |    129 |    391 |   2036 |   4 |  751.0 |
       Dungeon |   3004 |   2875 |    129 |    391 |   2036 |   4 |  751.0 |
               +--------+--------+--------+--------+--------+-----+--------+

Top non-repeatable levels by time:
     D:2: 1349 daAuts
     D:1: 869 daAuts
     D:3: 562 daAuts
     D:4: 223 daAuts
